 Dungeon Sprint DCSS version 0.24.1-14-gf8d2b509d9 (webtiles) character file.

Game seed: 12438746298652420042, levelgen mode: deterministic

658 Baz the Grappler (level 7, -1/124 (126) HPs)
             Began as a Troll Berserker on Oct 3, 2020.
             Was a Priest of Trog.
             Slain by a tyrant leech (28 damage)
             ... in the Dungeon (Sprint II: "The Violet Keep of Menkaure").
             The game lasted 00:01:01 (136 turns).

Baz the Grappler (Troll Berserker)                   Turns: 136, Time: 00:01:01

HP:   -1/124 (126)  AC:  6    Str: 31    XL:     7   Next: 29%
MP:   6/6           EV: 10    Int:  4    God:    Trog [***...]
Gold: 243           SH:  0    Dex: 10    Spells: 6/6 levels left

rFire    . . .     SeeInvis .     - Unarmed
rCold    . . .     Gourm    +   (no shield)
rNeg     . . .     Faith    .   a - +0 animal skin
rPois    .         Spirit   .   (helmet restricted)
rElec    .         Reflect  .   (no cloak)
rCorr    .         Harm     .   (gloves unavailable)
MR       ++...     NoTele   +   (boots unavailable)
Stlth    ..........             (no amulet)
HPRegen  1.70/turn              (no ring)
MPRegen  0.10/turn              (no ring)

@: berserking, regenerating, very quick
A: large, unfitting armour, claws 3, fast metabolism 3, gourmand, regeneration
1, shaggy fur 1, tough skin 3
a: Berserk, Trog's Hand, Renounce Religion


You were in the Dungeon.
You worshipped Trog.
Trog was most pleased with you.
You were very hungry.

You visited 1 branch You collected 243 gold pieces.

Inventory:

Armour
 a - a +0 animal skin (worn)
Scrolls
 h - a scroll of blinking
Potions
 c - a potion of curing
 d - a potion of heal wounds
 e - a potion of haste
 f - 2 potions of magic
 g - a potion of berserk rage
Comestibles
 b - 2 rations
 i - 6 chunks of flesh


   Skills:
 + Level 9.8 Fighting
 - Level 2.4 Dodging
 + Level 11.5 Unarmed Combat


You had 6 spell levels left.
You didn't know any spells.
Your spell library was empty.

Dungeon Overview and Level Annotations

Branches:
Dungeon (1/1)

Altars:
Elyvilon
Fedhas
Kikubaaqudgha
Makhleb
Nemelex Xobeh
Ru
Sif Muna
Trog
Uskayaw
Vehumet
Wu Jian
Xom
Yredelemnul
Zin
The Shining One
Lugonu

Shops:
D }(?[:*==}!%!?[*

Annotations:
D Kirke, Roxanne


Innate Abilities, Weirdness & Mutations

You are too large for most types of armour.
You have claws for hands.
Your metabolism is lightning-fast.
You like to eat raw meat.
Your natural rate of healing is unusually fast.
You are covered in fur. (AC +1)
You have extremely tough skin. (AC +3)


Message History

You claw the tyrant leech!
The tyrant leech is heavily wounded.
You are engulfed in a cloud of scalding steam.
Unknown command.
You mangle the tyrant leech!!
The tyrant leech is almost dead.
The tyrant leech bites you!!
* * * LOW HITPOINT WARNING * * *
The tyrant leech draws strength from your injuries!
The skeletal warrior hits you with a +0 hand axe!
* * * LOW HITPOINT WARNING * * *
You closely miss the tyrant leech. Your claw misses the tyrant leech.
The tyrant leech is almost dead.
Unknown command.
Unknown command.
You closely miss the tyrant leech.
The tyrant leech is almost dead.
The tyrant leech is engulfed in a cloud of scalding steam.
The tyrant leech bites you!!
You die...

≈≈.##'##z.#
≈≈##...##.####
≈≈#..#..#....#
####.#.####z.## #
##†###.##..# ##.##...#..#
# +.<.+ #'.@### .###
##.##..$#...z###.^.##▓ #
#+###.##...w@.≈≈≈≈≈≈≈ ###
###§§§..§.≈#+### ≈≈#
#≈≈§§§≈§..§#._._. #≈##
##≈≈§§§§§§.§#.._._
#≈≈##+##≈≈≈§§§§§§§≈#._._.
##≈≈≈†≈≈≈≈≈≈§§≈§§≈≈#_._._
#+++#+++#§≈≈≈§§§≈≈#._._.
§.≈§≈ ##§§≈###≈≈#_._._
≈.≈§§≈§≈§ §≈# #._._.


You could see Kirke, a skeletal warrior and a tyrant leech.

Vanquished Creatures
  A tyrant leech (D)
  4 necrophages (D)
  2 crocodiles (D)
7 creatures vanquished.

Vanquished Creatures (others)
  Menkaure (D)
1 creature vanquished.

Grand Total: 8 creatures vanquished

Notes
Turn   | Place    | Note
-------+----------+-------------------------------------------
     0 | D        | Baz the Troll Berserker began the quest for the Orb.
     0 | D        | Reached XP level 1. HP: 22/22 MP: 0/0
     1 | D        | Noticed a necrophage
     1 | D        | Noticed a necrophage
     1 | D        | Noticed a necrophage
     1 | D        | Noticed a necrophage
     5 | D        | Killed a necrophage
     5 | D        | Reached skill level 5 in Fighting
     5 | D        | Reached skill level 6 in Unarmed Combat
     5 | D        | Reached XP level 2. HP: 35/35 MP: 1/1
     5 | D        | Reached XP level 3. HP: 42/42 MP: 2/2
     5 | D        | Reached XP level 4. HP: 50/50 MP: 3/3
    12 | D        | Killed a necrophage
    12 | D        | Reached skill level 8 in Unarmed Combat
    12 | D        | Reached XP level 5. HP: 60/60 MP: 4/4
    16 | D        | Killed a necrophage
    16 | D        | Reached ** piety under Trog
    16 | D        | Reached skill level 9 in Unarmed Combat
    19 | D        | Killed a necrophage
    19 | D        | Reached skill level 10 in Unarmed Combat
    19 | D        | Reached XP level 6. HP: 73/73 MP: 5/5
    54 | D        | Noticed an orange crystal statue
    60 | D        | Found Hihiakea's General Store.
    61 | D        | Found Ugickea's Magic Scroll Shoppe.
    61 | D        | Found Ifoeca's Antique Armour Emporium.
    62 | D        | Found Viutulix's Food Shoppe.
    62 | D        | Found Ranual's Distillery.
    62 | D        | Found Zuyzecu's Distillery.
    63 | D        | Found Poydeul's Jewellery Shoppe.
    63 | D        | Found Noebitab's Assorted Antiques.
    63 | D        | Found Zoss's Jewellery Emporium.
    63 | D        | Found Namela Gyeff's Gadget Shoppe.
    64 | D        | Found Esad's Antique Armour Shoppe.
    64 | D        | Found Boqiogam's Magic Scroll Emporium.
    64 | D        | Found Soesasib's Book Emporium.
    65 | D        | Found Seluyk's Antique Weapon Shoppe.
    65 | D        | Found Affol's Gadget Emporium.
    65 | D        | Noticed a redback
    72 | D        | Killed Menkaure
    75 | D        | Noticed Roxanne
    79 | D        | Noticed a tyrant leech
    89 | D        | Killed a tyrant leech
    89 | D        | Reached *** piety under Trog
    89 | D        | Reached skill level 11 in Unarmed Combat
    89 | D        | Reached XP level 7. HP: 38/83 MP: 6/6
   110 | D        | Noticed a centaur warrior
   110 | D        | Noticed Kirke
   110 | D        | Noticed a skeletal warrior
   111 | D        | Noticed a kobold demonologist
   111 | D        | Noticed a manticore
   122 | D        | Noticed a tyrant leech
   123 | D        | Found a glowing silver altar of Zin.
   124 | D        | Found a glowing golden altar of the Shining One.
   124 | D        | Found a basalt altar of Yredelemnul.
   124 | D        | Found a hide-covered altar of Uskayaw.
   124 | D        | Found a radiant altar of Vehumet.
   125 | D        | Found a shimmering altar of Xom.
   125 | D        | Found a bloodstained altar of Trog.
   125 | D        | Found a burning altar of Makhleb.
   126 | D        | Found an ornate altar of the Wu Jian Council.
   126 | D        | Found a shimmering blue altar of Sif Muna.
   126 | D        | Found a corrupted altar of Lugonu.
   127 | D        | Found a sacrificial altar of Ru.
   127 | D        | Found an ancient bone altar of Kikubaaqudgha.
   127 | D        | Found a white marble altar of Elyvilon.
   127 | D        | Found a sparkling altar of Nemelex Xobeh.
   127 | D        | Found a blossoming altar of Fedhas.
   136 | D        | Slain by a tyrant leech

Levels and vault maps discovered:
D:        the_violet_keep_of_menkaure [sprint2_stairs_cluster_1,
          sprint2_shoproom, sprint2_temple, sprint2_basic_supplies,
          sprint2_obstacle_6, sprint2_obstacle_3, sprint2_obstacle_4,
          sprint2_obstacle_7, sprint2_obstacle_1, sprint2_timed_cluster_1,
          sprint2_smallroom_cluster_1, sprint2_smallroom_final_cluster_1,
          sprint2_transparent_cluster_1, sprint2_second_timed_cluster_1,
          sprint2_sniper_area_1, sprint2_heavy_combat_area_1,
          sprint2_mutation_trap_area_1, sprint2_forest_area_1,
          sprint2_light_combat_area_1, sprint2_behind_water_1,
          sprint2_near_end_vault_1]

Skill      XL: |  1  2  3  4  5  6 |
---------------+-------------------+-----
Fighting       | 5 6 8 9 |  9.8
Unarmed Combat | 6 8 10 11 | 11.5
Dodging        | |  2.4

Action                   |  1- 3 |  4- 6 |  7- 9 || total
-------------------------+-------+-------+-------++-------
Melee: Unarmed           |     3 |    24 |     6 ||    33
       Punch             |       |     1 |       ||     1
Invok: Berserk           |     1 |     1 |     1 ||     3
       Trog's Hand       |       |       |     1 ||     1
Armor: Animal skin       |     1 |     1 |       ||     2
Dodge: Dodged            |       |     4 |     1 ||     5
